 Dungeon Crawl Stone Soup version 0.30-a0-242-g7bf8e6d787 (webtiles) character file.

Game seed: 15729501624810138092

10439 purpskrrrp the Grappler (level 11, -1/109 HPs)
             Began as a Troll Fighter on Oct 11, 2022.
             Was a Priest of Cheibriados.
             Slain by Snorg (14 damage)
             ... on level 11 of the Dungeon.
             The game lasted 00:26:10 (9316 turns).

purpskrrrp the Grappler (Troll Fighter)             Turns: 9316, Time: 00:26:10

Health: -1/109     AC: 11    Str: 38    XL:     11   Next: 36%
Magic:  0/11       EV: 10    Int: 12    God:    Cheibriados [***...]
Gold:   621        SH: 17    Dex: 17    Spells: 10/10 levels left

rFire   + . .      SeeInvis .      - Unarmed
rCold   . . .      Faith    .    d - +1 tower shield {reflect}
rNeg    . . .      Spirit   +    x - +0 acid dragon scales
rPois   .          Reflect  +    (helmet restricted)
rElec   .          Harm     .    e - +0 cloak
rCorr   +          Rampage  .    (gloves unavailable)
Will    .....                    (boots unavailable)
Stlth   +.........               g - amulet of guardian spirit
HPRegen 1.18/turn                i - ring of protection from fire
MPRegen 0.12/turn                (no ring)

@: very slow
A: large, unfitting armour, claws 3, regeneration 1, shaggy fur 1, tough skin 1,
iridescent scales 1
a: Renounce Religion, Bend Time, Temporal Distortion


You were on level 11 of the Dungeon.
You worshipped Cheibriados.
Cheibriados was most pleased with you.
You visited 2 branches of the dungeon, and saw 12 of its levels.

You collected 676 gold pieces.
You spent 55 gold pieces at shops.

Inventory:

Hand Weapons
 o - the +3 hammer of the Piercing Ancients {holy, +Blink Int+4}
   (You found it on level 7 of the Dungeon)

   It has been blessed by the Shining One to cause great damage to the undead
   and demons.
   Int:       It affects your intelligence (+4).
   +Blink:    It lets you blink.
 p - the +6 spear of Sirphyett {drain, rPois Str-4 Int+4 SInv}
   (You found it on level 2 of the Dungeon)

   A truly terrible weapon, it drains the life of any living foe it strikes.
   Str:       It affects your strength (-4).
   Int:       It affects your intelligence (+4).
   rPois:     It protects you from poison.
   SInv:      It lets you see invisible.
 u - a +2 morningstar of draining
Missiles
 A - a throwing net (quivered)
Armour
 a - a +0 robe
 b - a +1 kite shield
 d - a +1 tower shield of reflection (worn)
 e - a +0 cloak (worn)
 l - +0 steam dragon scales
 r - a +0 robe of willpower
 x - +0 acid dragon scales (worn)
Jewellery
 f - a ring of fire
 g - an amulet of guardian spirit (around neck)
 i - a ring of protection from fire (left claw)
Wands
 v - a wand of iceblast (4)
 w - a wand of mindburst (20)
 G - a wand of digging (8)
Scrolls
 j - a scroll of torment {unknown}
 m - a scroll of amnesia
 y - 3 scrolls of teleportation
 C - 4 scrolls of identify
 D - a scroll of brand weapon {unknown}
 H - a scroll of fear
 I - a scroll of enchant armour
 J - a scroll of magic mapping {unknown}
Potions
 c - 4 potions of ambrosia
 h - 5 potions of haste
 k - 2 potions of cancellation
 n - 2 potions of brilliance
 q - a potion of lignification
 s - a potion of heal wounds
 t - 5 potions of curing
 z - 2 potions of flight
 K - a potion of invisibility {unknown}
Miscellaneous
 B - a lightning rod (4/4)


   Skills:
 + Level 7.0 Fighting
 + Level 2.2 Armour
 + Level 7.1 Dodging
 + Level 7.7 Shields
 * Level 11.4 Unarmed Combat
 + Level 1.5 Invocations


You had 10 spell levels left.
You didn't know any spells.
Your spell library contained the following spells:

 Spells                   Type           Power      Damage    Failure   Level
 Apportation              Tloc           0%         N/A       88%         1
 Necrotise                Necr           0%         1d4       88%         1
 Summon Small Mammal      Summ           0%         N/A       88%         1
 Blink                    Tloc           0%         N/A       96%         2
 Sublimation of Blood     Necr           0%         N/A       96%         2
 Wereblood                Tmut           0%         N/A       96%         2
 Vhi's Electric Charge    Tloc/Air       0%         N/A       99%         3
 Manifold Assault         Tloc           0%         N/A       100%        4
 Alistair's Intoxication  Tmut/Pois      0%         N/A       100%        5
 Arcjolt                  Conj/Air       0%         1d10      100%        5
 Storm Form               Tmut/Air       0%         N/A       100%        7
 Summon Hydra             Summ           0%         N/A       100%        7
 Maxwell's Capacitive Co  Air            0%         ∞         100%        8


Dungeon Overview and Level Annotations

Branches:
Dungeon (11/15)            Temple (1/1) D:7            Lair (0/5) D:11
    Orc (0/2) D:10

Altars:
Ashenzari
Cheibriados
Dithmenos
Elyvilon
Fedhas
Gozag
Hepliaklqana
Kikubaaqudgha
Makhleb
Nemelex Xobeh
Okawaru
Qazlal
Ru
Sif Muna
Trog
Uskayaw
Vehumet
Wu Jian
Xom
Yredelemnul
Zin
The Shining One

Shops:
D:5 *   D:6 (

Annotations:
D:4 1 runed translucent door, Juicyj's ghost, amateur DrIE
D:5 3 runed translucent doors, Ekaitz's ghost, novice DsFE; valliere's ghost, novice DsBe
D:11 Snorg


Innate Abilities, Weirdness & Mutations

You are too large for most types of armour.
You have claws for hands.
Your natural rate of healing is unusually fast.
You are covered in fur. (AC +1)
You have tough skin. (AC +1)
You are partially covered in iridescent scales. (AC +2)


Message History

You scratch Snorg.
Snorg is moderately wounded.
You block Snorg's attack. Snorg claws you! You block Snorg's attack.
You barely miss Snorg.
Snorg is moderately wounded.
Snorg barely misses you. x2; You block Snorg's attack.
Snorg bites you!! You block Snorg's attack. Snorg closely misses you.
You mangle Snorg!!
Snorg is moderately wounded.
Snorg misses you. Snorg claws you. Snorg barely misses you.
You scratch Snorg.
Snorg is moderately wounded.
Snorg barely misses you. Snorg claws you but does no damage.
You block Snorg's attack. Snorg bites you!! Snorg closely misses you.
Snorg claws you!
You are too injured to fight recklessly!
You are too injured to fight recklessly!
You are too injured to fight recklessly!
You are too injured to fight recklessly!
You are too injured to fight recklessly!
You are too injured to fight recklessly!
You are too injured to fight recklessly!
You are too injured to fight recklessly!
You are too injured to fight recklessly!
You are too injured to fight recklessly!
You are too injured to fight recklessly!
You claw Snorg!
Snorg is heavily wounded.
You block Snorg's attack. Snorg claws you.
* * * LOW HITPOINT WARNING * * *
You block Snorg's attack.
You mangle Snorg!!
Snorg is severely wounded.
Snorg bites you!!
* * * LOW HITPOINT WARNING * * *
You block Snorg's attack. Snorg claws you but does no damage.
You block Snorg's attack. Snorg barely misses you. You block Snorg's attack.
As you read the scroll of butterflies, it crumbles to dust.
You hear the tinkle of a tiny bell.
You block Snorg's attack. Snorg claws you!
You die...

..#........#.. #.... ..
..#........#.. #....
....#........+.. #.....
...#......####. #..b.b
#.##..##### #.
#..bb.####.##..#...# +.
#...bbbb#b..b..#...##+#.
#....bbbbb.b...#........
#.b.bbb@#......#........
#...bbTb#......#...##'#.
#....bbb#......#...#[['.
#....b.b#......#...#..#.
##############'##...####.
#.................#######
#.................#....#
#....>............#....#
#.................'....#


You could see Snorg (berserk, ally target).

Vanquished Creatures
  3 two-headed ogres
  A centaur warrior (D:7)
  An elephant (D:11)
  Maggie (D:7)
  2 trolls
  2 hornets
  A shadow (D:11)
  A vampire (D:10)
  2 wraiths (D:10)
  Eustachio (D:4)
  3 wyverns
  9 yaks
  A basilisk (D:11)
  2 acid dragons
  3 water moccasins
  3 ice beasts
  5 orc warriors
  A sky beast (D:7)
  3 black bears
  3 centaurs
  5 necrophages (D:8)
  2 bullfrogs
  2 scorpions (D:5)
  7 wights
  A centaur zombie (D:8)
  A hound (D:4)
  A gnoll bouda (D:5)
  2 jellies
  9 orc priests
  Crazy Yiuf (D:7)
  Jessica (D:2)
  2 iguanas
  15 orc wizards
  A killer bee zombie (D:8)
  Robin (D:3)
  12 gnolls
  6 adders
  3 white imps
  3 worms
  48 orcs
  8 endoplasms
  7 giant cockroaches
  16 goblins
  11 hobgoblins
  6 jackals
  8 kobolds
  5 quokkas
  2 training dummies (D:5)
  10 ball pythons
  4 bats
  7 frilled lizards
  6 rats
261 creatures vanquished.

Vanquished Creatures (others)
  2 bushes (D:8)
  11 plants
13 creatures vanquished.

Grand Total: 274 creatures vanquished

Notes
Turn   | Place    | Note
-------+----------+-------------------------------------------
     0 | D:1      | purpskrrrp the Troll Fighter began the quest for the Orb.
     0 | D:1      | Reached XP level 1. HP: 22/22 MP: 0/0
    57 | D:1      | Reached XP level 2. HP: 25/29 MP: 1/1
   511 | D:1      | Reached XP level 3. HP: 36/36 MP: 2/2
   892 | D:1      | Found a faded altar of an unknown god.
  1104 | D:2      | Reached skill level 3 in Unarmed Combat
  1203 | D:2      | Identified the +6 spear of Sirphyett {drain, rPois Str-4
                  | Int+4 SInv}
  1231 | D:2      | Noticed Jessica
  1236 | D:2      | Killed Jessica
  1237 | D:2      | Reached XP level 4. HP: 42/44 MP: 3/3
  1560 | D:3      | Found a sacrificial altar of Ru.
  1737 | D:3      | Found a glowing silver altar of Zin.
  1737 | D:3      | Found an iron altar of Okawaru.
  1858 | D:3      | Noticed Robin
  1878 | D:3      | Reached XP level 5. HP: 33/53 MP: 4/4
  1903 | D:3      | Killed Robin
  2361 | D:4      | Found a runed translucent door.
  2365 | D:4      | Noticed Juicyj's ghost (amateur DrIE)
  2398 | D:4      | Reached skill level 4 in Unarmed Combat
  2485 | D:4      | Noticed Eustachio
  2494 | D:4      | Killed Eustachio
  2495 | D:4      | Reached XP level 6. HP: 38/61 MP: 1/5
  2665 | D:4      | Found a shimmering blue altar of Sif Muna.
  3309 | D:5      | Entered Level 5 of the Dungeon
  3475 | D:5      | Found Dezar's General Store.
  3488 | D:5      | Found a runed translucent gate.
  3489 | D:5      | Found a runed translucent gate.
  3491 | D:5      | Found a runed translucent gate.
  3503 | D:5      | Noticed Ekaitz's ghost (novice DsFE)
  3503 | D:5      | Noticed valliere's ghost (novice DsBe)
  3594 | D:5      | Reached skill level 5 in Unarmed Combat
  3618 | D:5      | Reached XP level 7. HP: 26/67 MP: 2/6
  3907 | D:5      | Bought a potion of heal wounds for 55 gold pieces
  3956 | D:5      | Found a basalt altar of Yredelemnul.
  3956 | D:5      | Found a stormy altar of Qazlal.
  4187 | D:6      | You fall into a shaft and drop 1 floor!
  4201 | D:7      | Reached skill level 6 in Unarmed Combat
  4298 | D:6      | Reached XP level 8. HP: 73/78 MP: 5/7
  4599 | D:6      | Reached skill level 5 in Shields
  4599 | D:6      | Reached skill level 7 in Unarmed Combat
  4620 | D:6      | Found Bufu's Hydra Hut.
  4622 | D:6      | Noticed a five-headed hydra
  5007 | D:6      | Identified a scroll of acquirement
  5007 | D:6      | Acquired a +1 tower shield of reflection
  5116 | D:7      | Noticed Maggie
  5266 | D:7      | Killed Maggie
  5267 | D:7      | Reached skill level 5 in Fighting
  5267 | D:7      | Reached skill level 5 in Dodging
  5267 | D:7      | Reached XP level 9. HP: 24/88 MP: 2/8
  5363 | D:7      | Noticed a centaur warrior
  5369 | D:7      | Killed a centaur warrior
  5370 | D:7      | Reached skill level 8 in Unarmed Combat
  5469 | D:7      | Found a staircase to the Ecumenical Temple.
  5527 | D:7      | Identified the +4 hammer "Kowkeom" {vamp, Str+5 Int+4}
  5528 | D:7      | Found a runed translucent door.
  5536 | D:7      | Noticed Crazy Yiuf
  5541 | D:7      | Identified the +3 hammer of the Piercing Ancients {holy,
                  | +Blink Int+4}
  5545 | D:7      | Identified the +5 hammer "Qymix" {vorpal, rC- Will+ Str+4
                  | SInv}
  5635 | D:7      | Killed Crazy Yiuf
  5831 | D:7      | Gained mutation: You are partially covered in iridescent
                  | scales. (AC +2) [potion of mutation]
  5888 | Temple   | Entered the Ecumenical Temple
  5983 | Temple   | Became a worshipper of Cheibriados the Contemplative
  6083 | D:8      | Found a shimmering altar of Xom.
  6186 | D:8      | Found a broken altar of Ashenzari.
  6230 | D:8      | Found a blossoming altar of Fedhas.
  6453 | D:8      | Reached skill level 9 in Unarmed Combat
  6532 | D:8      | Found an ornate altar of the Wu Jian Council.
  6532 | D:8      | Found an ornate altar of the Wu Jian Council.
  6534 | D:8      | Found a sacrificial altar of Ru.
  6534 | D:8      | Found an opulent altar of Gozag.
  6534 | D:8      | Found a sacrificial altar of Ru.
  6553 | D:8      | Reached * piety under Cheibriados
  6758 | D:8      | Found a faded altar of an unknown god.
  6758 | D:8      | Found an opulent altar of Gozag.
  6777 | D:8      | Found a faded altar of an unknown god.
  6780 | D:8      | Found a bloodstained altar of Trog.
  6781 | D:8      | Found a radiant altar of Vehumet.
  6917 | D:8      | Reached XP level 10. HP: 95/96 MP: 9/9
  7066 | D:9      | Noticed a two-headed ogre
  7075 | D:9      | Killed a two-headed ogre
  7075 | D:9      | Reached ** piety under Cheibriados
  7237 | D:9      | Reached skill level 10 in Unarmed Combat
  7660 | D:9      | Found a glowing golden altar of the Shining One.
  7705 | D:9      | Found an ancient bone altar of Kikubaaqudgha.
  7957 | D:10     | Entered Level 10 of the Dungeon
  8053 | D:10     | Reached *** piety under Cheibriados
  8064 | D:10     | Found a staircase to the Orcish Mines.
  8147 | D:10     | Identified the +10 hand axe of Glory {vorpal, rCorr Dex+4
                  | SInv}
  8186 | D:10     | Identified the +3 leather armour of the Ace of Wands {rF+
                  | rN++}
  8309 | D:10     | Reached skill level 1 in Armour
  8472 | D:10     | Reached skill level 11 in Unarmed Combat
  8480 | D:10     | Reached XP level 11. HP: 107/107 MP: 8/10
  8732 | D:11     | Noticed a two-headed ogre
  8738 | D:11     | Killed a two-headed ogre
  8842 | D:11     | Noticed a two-headed ogre
  8847 | D:11     | Killed a two-headed ogre
  8848 | D:11     | Reached skill level 1 in Invocations
  8991 | D:11     | Found a staircase to the Lair.
  9304 | D:11     | Noticed Snorg
  9316 | D:11     | Slain by Snorg

Illustrated notes

Levels and vault maps discovered:
D:1:      kennysheep_arrival_forest, layout_loops_corners,
          hellmonk_ecumenical_altar_inner_sanctum
D:2:      layout_basic, grunt_ministairs_5, uniq_jessica
D:3:      layout_loops_cross, mainiacjoe_overflow_divided_tiny,
          mainiacjoe_overflow_chevrons, uniq_robin
D:4:      layout_loops_corners, mainiacjoe_overflow_six_doors_small,
          ebering_ghost_inner_flame, hangedman_decor_push,
          kennysheep_pointless_box, uniq_eustachio
D:5:      dreamdust_elfheim, layout_rooms,
          chequers_temple_overflow_statue_of_worship, gammafunk_ghost_cemetery,
          kennysheep_windowed_goal
D:6:      layout_rooms, doesnt_shop_hydraphobe
D:7:      layout_rooms, temple_pool_b, minmay_three_doors,
          uniq_crazy_yiuf_cottage, uniq_maggie
D:8:      layout_loops_ring, cheibrodos_ashenzari_chains, doesnt_xom_only_xom,
          chequers_temple_overflow_minitemple, fedhas_altar_decomposition,
          enter_bailey_5
D:9:      layout_small_grid, mainiacjoe_overflow_brackets,
          nicolae_tso_carved_into_rock, david_defended_altar_orc
D:10:     layout_loops_ring, orc_0_dummy, minmay_misc_feat_hallway
D:11:     layout_gridville, david_lair_generic, amcnicky_mini_pool_small,
          minivault_10, uniq_snorg
Temple:   nicolae_temple_colour_theory

Skill      XL: |  1  2  3  4  5  6  7  8  9 10 11 |
---------------+----------------------------------+-----
Shields        | 3 4 5 6 7 |  7.7
Unarmed Combat | 3 4 5 6 7 9 11 | 11.4
Dodging        | 3 4 5 6 7 |  7.1
Fighting       | 3 4 5 6 7 |  7.0
Armour         | 1 2 |  2.2
Invocations    | 1 |  1.5

Action                   |  1- 3 |  4- 6 |  7- 9 | 10-12 || total
-------------------------+-------+-------+-------+-------++-------
Melee: Unarmed           |   116 |   180 |   300 |   217 ||   813
  Use: Potion            |       |     1 |     5 |     6 ||    12
       Scroll            |       |       |    23 |     3 ||    26
 Stab: Sleeping          |       |     2 |       |       ||     2
Armor: Robe              |    38 |    68 |    32 |       ||   138
       Steam dragon scal |       |       |    58 |    39 ||    97
       Acid dragon scale |       |       |       |    49 ||    49
Dodge: Dodged            |    39 |    70 |    83 |    82 ||   274
Block: Kite shield       |    39 |    61 |    35 |       ||   135
       Tower shield      |       |       |   146 |   199 ||   345
       Reflection        |       |       |     8 |     2 ||    10

Table legend: (Time is in decaauts)
 A = Elapsed time spent in this place.
 B = Non-inter-level travel time spent in this place.
 C = Inter-level travel time spent in this place.
 D = Time resting spent in this place.
 E = Time spent auto-exploring this place.
 F = Levels seen in this place.
 G = Mean time per level.
                   A        B        C        D        E       F      G
               +--------+--------+--------+--------+--------+-----+--------+
         Total |  10588 |   9986 |    602 |    659 |   6893 |  12 |  882.3 |
       Dungeon |  10454 |   9852 |    602 |    659 |   6829 |  11 |  950.4 |
        Temple |    133 |    133 |      0 |      0 |     64 |   1 |  133.0 |
               +--------+--------+--------+--------+--------+-----+--------+

Top non-repeatable levels by time:
     D:8: 1310 daAuts
     D:9: 1216 daAuts
    D:10: 1108 daAuts
     D:1: 1044 daAuts
     D:6: 1028 daAuts
     D:4: 1023 daAuts
    D:11: 862 daAuts
     D:7: 858 daAuts
     D:3: 745 daAuts
     D:5: 739 daAuts
     D:2: 515 daAuts
  Temple: 133 daAuts
